 Dungeon Crawl Stone Soup version 0.23.2-1-ga50397a6bc (webtiles) character file.

Game seed: 10741184828332884340

483 OneEyedShark the Ruffian (level 6, -4/61 HPs)
             Began as a Troll Abyssal Knight on May 28, 2019.
             Was a Priest of Lugonu.
             Slain by a hornet (12 damage)
             ... while paralysed by a hornet
             ... on level 5 of the Dungeon.
             The game lasted 00:23:58 (2854 turns).

OneEyedShark the Ruffian (Troll Abyssal Knight)     Turns: 2854, Time: 00:23:58

Health: -4/61      AC:  7    Str: 22    XL:     6   Next: 88%
Magic:  7/7        EV:  1    Int:  8    God:    Lugonu [***...]
Gold:   242        SH:  0    Dex: 10    Spells: 5/5 levels left

rFire    + . .     SeeInvis +     - Unarmed
rCold    x . .     Gourm    +   (no shield)
rNeg     . . .     Faith    .   a - +1 robe
rPois    .         Spirit   .   (helmet restricted)
rElec    .         Reflect  .   (no cloak)
rCorr    .         Harm     .   (gloves unavailable)
MR       .....                  (boots unavailable)
Stlth    ++........             (no amulet)
HPRegen  0.60/turn              e - ring of fire
MPRegen  0.10/turn              n - ring of see invisible

@: paralysed, lethally poisoned (-4 -> -13), slowed
A: large, unfitting armour, claws 3, fast metabolism 3, gourmand, regeneration
1, shaggy fur 1, tough skin 3
a: Depart the Abyss, Bend Space, Banish, Renounce Religion


You were on level 5 of the Dungeon.
You worshipped Lugonu.
Lugonu was most pleased with you.
You were completely stuffed.

You visited 1 branch of the dungeon, and saw 5 of its levels.
You visited the Abyss 1 time.

You collected 242 gold pieces.

Inventory:

Hand Weapons
 j - a +0 blowgun
Missiles
 k - 26 poisoned needles
 q - 4 javelins (quivered)
Armour
 a - a +1 robe (worn)
 r - a +0 shield
Jewellery
 e - a ring of fire (left claw)
 n - a ring of see invisible (right claw)
Scrolls
 c - 3 scrolls of identify
 h - 2 scrolls of remove curse
 i - a scroll of fear
 l - a scroll of blinking
 m - 2 scrolls of teleportation
 p - a scroll of fog
Potions
 d - 2 potions of heal wounds
 f - a potion of brilliance
 g - 2 potions of curing
 o - a potion of lignification
Comestibles
 b - 8 rations


   Skills:
 + Level 3.5 Fighting
 + Level 3.2 Dodging
 + Level 1.7 Stealth
 + Level 0.6 Shields
 + Level 3.6 Unarmed Combat
 + Level 3.1 Invocations


You had 5 spell levels left.
You didn't know any spells.
Your spell library contained the following spells:

 Spells                   Type           Power        Failure   Level  Hunger
 Haunt                    Necr/Summ      #.........   100%        7    #######
 Borgnjor's Revivificati  Necr           #.........   100%        8    #######
 Death's Door             Chrm/Necr      #.........   100%        8    #######
 Infestation              Necr           #.........   100%        8    #######
 Necromutation            Tmut/Necr      #.........   100%        8    #######


Dungeon Overview and Level Annotations

Branches:
Dungeon (5/15)
 Temple: D:4-7

Altars:
Ashenzari
Dithmenos
Nemelex Xobeh
Sif Muna


Innate Abilities, Weirdness & Mutations

You are too large for most types of armour.
You have claws for hands.
Your metabolism is lightning-fast.
You like to eat raw meat.
Your natural rate of healing is unusually fast.
You are covered in fur. (AC +1)
You have extremely tough skin. (AC +3)


Message History

You feel as though you will be slow longer.
The hornet stings you!
You feel as though you will be slow longer.
You claw the hornet!
The hornet is moderately wounded.
You feel sick.
The hornet stings you but does no damage.
The hornet stings you!
You are more poisoned.
You feel as though you will be slow longer.
You feel sick. The hornet stings you!
You suddenly lose the ability to move!
You feel sick.
The hornet stings you but does no damage.
The hornet stings you!
* * * LOW HITPOINT WARNING * * *
You are lethally poisoned!
You feel as though you will be slow longer.
* * * LOW HITPOINT WARNING * * *
You feel sick. The hornet stings you!
You die...

# #. # #. # #. ##
#. ##. #. #..
######.###########
#..
.................#
#..
.....>#@########.#
##. ####..y..# #.#
## #.....#
#.#######
........#
#........
#.##.....#
######### #
#.....# ###.###
#.. ###


You could see a hornet.

Vanquished Creatures
  A phantom (D:4)
  A scorpion (D:4)
  An orc wizard (D:4)
  A worker ant (D:3)
  Natasha (thrice) (D:3)
  A worker ant zombie (D:4)
  10 adders
  3 oozes
  An adder skeleton (D:4)
  3 worms
  2 dart slugs
  6 leopard geckos
  3 orcs (D:4)
  9 bats
  A giant cockroach (D:1)
  9 goblins
  7 hobgoblins
  7 jackals
  3 quokkas
  6 frilled lizards
  7 kobolds
  9 rats
94 creatures vanquished.

Notes
Turn   | Place    | Note
-------+----------+-------------------------------------------
     0 | Abyss:1  | OneEyedShark the Troll Abyssal Knight began the quest for
                  | the Orb.
     0 | Abyss:1  | Reached XP level 1. HP: 22/22 MP: 1/1
    25 | D:1      | Escaped the Abyss
   201 | D:1      | Reached XP level 2. HP: 29/29 MP: 2/2
   453 | D:1      | Reached ** piety under Lugonu
   455 | D:1      | Reached XP level 3. HP: 36/36 MP: 3/3
  1111 | D:2      | Found a faded altar of an unknown god.
  1191 | D:2      | Reached XP level 4. HP: 44/44 MP: 4/4
  1205 | D:2      | Found a sparkling altar of Nemelex Xobeh.
  1251 | D:2      | Found a shattered altar of Ashenzari.
  1587 | D:2      | Reached skill level 1 in Stealth
  1787 | D:3      | Reached XP level 5. HP: 53/53 MP: 5/5
  1916 | D:3      | Reached *** piety under Lugonu
  2047 | D:3      | Found a shadowy altar of Dithmenos.
  2049 | D:3      | Noticed Natasha
  2058 | D:3      | Killed Natasha
  2143 | D:3      | Noticed Natasha
  2154 | D:3      | Killed Natasha
  2185 | D:3      | Noticed Natasha
  2191 | D:3      | Killed Natasha
  2191 | D:3      | Reached XP level 6. HP: 49/61 MP: 7/7
  2628 | D:4      | Found a deep blue altar of Sif Muna.
  2758 | D:5      | Entered Level 5 of the Dungeon
  2848 | D:5      | Noticed a hornet
  2852 | D:5      | Paralysed by a hornet for 3 turns
  2854 | D:5      | Slain by a hornet

Skill      XL: |  1  2  3  4  5  6 |
---------------+-------------------+-----
Dodging        | 2 3 |  3.2
Invocations    | 2 3 |  3.1
Fighting       | 3 |  3.5
Stealth        | 1 |  1.7
Unarmed Combat | 3 |  3.6
Shields        | |  0.6

Action                   |  1- 3 |  4- 6 || total
-------------------------+-------+-------++-------
Melee: Unarmed           |   155 |   166 ||   321
       Punch             |     1 |     3 ||     4
  Use: Scroll            |     7 |     9 ||    16
 Stab: Sleeping          |       |     3 ||     3
  Eat: Chunk             |    17 |    15 ||    32
Armor: Robe              |    60 |    70 ||   130
Dodge: Dodged            |    98 |    81 ||   179
